Map: [ESL] Oceanborn

Players

Serral - Winner!

  • Race: Zerg Zerg
  • Spawn Location: 5:00

Astrea

  • Race: Protoss Protoss
  • Spawn Location: 11:00

Event: IEM Katowice 2024

VOD

Have the link to the VOD?

Description

Time

  • Played on: Feb. 9, 2024, 1:59 p.m.
  • Length: 11:54

All games in this series

Show
View Real Time Build Order
Export as new Build Order

Serral Zerg - Winner!

Build Orders: Hatch First 

Get SALT Encoding   

  12  0:00  Drone  
  13  0:08  Drone  
  14  0:16  Overlord  
  14  0:40  Hatchery  
  13  0:43  Drone  
  13  0:47  Drone  
  15  0:50  Drone  
  15  0:56  Drone  
  17  1:06  Drone  
  17  1:10  Extractor  
  17  1:15  Spawning Pool  
  16  1:18  Drone  
  17  1:27  Drone  
  18  1:37  Drone  
  19  1:48  Drone  
  19  1:52  Drone  
  21  2:00  Overlord  
  21  2:01  Queen  
  21  2:02  Queen  
  21  2:04  Zergling x2  
  26  2:09  Zergling x2  
  26  2:12  Metabolic Boost  
  27  2:17  Drone  
  27  2:21  Drone  
  29  2:25  Drone  
  30  2:37  Hatchery  
  29  2:41  Drone  
  29  2:43  Drone  
  31  2:45  Overlord  
  31  2:51  Queen  
  31  2:54  Drone  
  31  2:57  Drone  
  35  2:58  Drone  
  35  3:04  Queen  
  38  3:09  Overlord  
  38  3:13  Drone  
  38  3:14  Drone  
  38  3:15  Drone  
  38  3:18  Zergling x2  
  38  3:19  Zergling x2  
  43  3:21  Drone  
  44  3:28  Queen  
  44  3:32  Drone x2  
  48  3:40  Drone  
  49  3:43  Queen  
  49  3:46  Drone  
  49  3:47  Overlord  
  52  3:51  Spore Crawler x2  
  52  3:53  Drone x3  
  52  3:56  Drone x2  
  52  4:01  Drone x2  
  56  4:04  Drone  
  56  4:07  Overlord  
  56  4:08  Zergling x2  
  58  4:12  Overlord  
  58  4:14  Drone  
  59  4:17  Drone x2  
  59  4:20  Overlord  
  59  4:21  Zergling x2  
  62  4:24  Drone x2  
  62  4:29  Overlord  
  64  4:31  Zergling x2  
  65  4:39  Drone x4  
  65  4:41  Overlord  
  65  4:42  Drone  
  67  4:45  Roach Warren  
  67  4:46  Drone  
  67  4:50  Drone x2  
  69  4:53  Overlord  
  69  4:54  Drone  
  69  4:55  Drone  
  69  4:59  Drone x3  
  74  5:02  Drone  
  74  5:05  Lair  
  74  5:06  Extractor, Drone  
  75  5:13  Drone x4  
  79  5:15  Evolution Chamber  
  78  5:21  Overlord  
  78  5:23  Drone x2  
  78  5:26  Drone x2  
  78  5:27  Drone x2  
  83  5:31  Extractor, Hatchery  
  83  5:33  Drone, Overlord  
  83  5:34  Drone  
  82  5:37  Extractor  
  82  5:38  Spore Crawler, Overlord  
  82  5:39  Extractor  
  82  5:41  Roach  
  81  5:43  Zerg Missile Weapons Level 1  
  81  5:47  Roach x3  
  91  5:57  Extractor, Roach x2  
  91  6:00  Drone x6  
  91  6:02  Overseer  
  96  6:05  Glial Reconstitution  
  96  6:07  Overlord  
  96  6:10  Zergling x2  
  96  6:11  Zergling x12  
  103  6:19  Overlord  
  103  6:23  Zergling x6, Spire  
  105  6:27  Overlord  
  104  6:34  Drone x3  
  104  6:39  Spore Crawler  
  104  6:40  Drone x2  
  104  6:41  Drone x3  
  109  6:47  Drone x2  
  109  6:48  Overlord  
  109  6:49  Overlord  
  109  6:52  Zergling x4  
  109  6:53  Zergling x2  
  114  7:01  Drone  
  115  7:03  Overlord  
  115  7:06  Overlord  
  115  7:10  Extractor  
  115  7:11  Zergling x10, Extractor  
  114  7:29  Overlord  
  114  7:36  Mutalisk x11  
  136  7:40  Zergling x10, Zerg Flyer Weapons Level 1  
  136  7:41  Zergling x2  
  142  7:47  Zergling x6  
  142  7:50  Overlord  
  142  7:51  Mutalisk x3  
  144  7:56  Zerg Melee Weapons Level 1  
  150  8:00  Zergling x10  
  150  8:01  Zergling x2  
  156  8:07  Drone  
  157  8:17  Mutalisk x4  
  165  8:21  Zergling x18  
  174  8:28  Overlord  
  174  8:29  Mutalisk x2  
  174  8:30  Zergling x2  
  175  8:39  Hatchery  
  174  8:43  Mutalisk x3  
  174  8:45  Overlord  
  176  8:56  Mutalisk x4, Zergling x2  
  176  8:57  Zergling x2  
  176  9:01  Pneumatized Carapace  
  184  9:07  Mutalisk  
  184  9:08  Zergling x12  
  187  9:18  Mutalisk  
  187  9:19  Mutalisk x2  
  193  9:31  Drone x2  
  195  9:34  Mutalisk x2  
  195  9:35  Zergling x2  
  197  9:46  Extractor x2  
  189  9:54  Mutalisk x5  
  183  10:03  Mutalisk x2  
  183  10:04  Zergling x34  
  188  10:15  Mutalisk x2  
  188  10:16  Zergling x4  
  186  10:34  Mutalisk x4  
  188  10:46  Hatchery  
  188  10:49  Mutalisk x3  
  183  10:50  Zergling x8  
  192  10:59  Drone x4  
  192  11:02  Mutalisk x2  
  198  11:21  Mutalisk x2  
Show
View Real Time Build Order
Export as new Build Order

Astrea Protoss 

Build Orders: 1 Gate Expand, Oracle Opening 

Get SALT Encoding   

  12  0:00  Probe  
  13  0:12  Probe  
  14  0:17  Pylon  
  14  0:24  Probe (Chrono Boost)  
  16  0:36  Probe (Chrono Boost)  
  16  0:38  Gateway  
  16  0:43  Probe (Chrono Boost)  
  16  0:47  Assimilator  
  17  0:51  Probe  
  18  1:03  Probe  
  19  1:16  Probe  
  20  1:23  Nexus  
  20  1:28  Probe  
  21  1:37  Cybernetics Core  
  21  1:42  Assimilator  
  21  1:45  Probe  
  22  1:51  Pylon  
  22  1:57  Probe  
  23  2:09  Probe (Chrono Boost)  
  23  2:10  Adept (Chrono Boost)  
  26  2:18  Probe (Chrono Boost)  
  26  2:19  Stargate  
  27  2:23  Probe  
  27  2:28  Warp Gate  
  28  2:33  Adept  
  28  2:36  Probe (Chrono Boost)  
  32  2:41  Probe (Chrono Boost)  
  32  2:45  Probe (Chrono Boost)  
  32  2:49  Probe (Chrono Boost)  
  32  2:50  Probe (Chrono Boost)  
  35  3:00  Oracle (Chrono Boost), Probe  
  35  3:02  Probe  
  42  3:10  Stalker  
  42  3:12  Probe  
  43  3:14  Probe  
  43  3:16  Pylon  
  43  3:19  Pylon  
  44  3:24  Probe  
  44  3:26  Probe  
  46  3:35  Oracle (Chrono Boost)  
  46  3:37  Probe  
  46  3:38  Probe  
  51  3:45  Nexus  
  51  3:46  Pylon  
  50  3:49  Probe  
  50  3:50  Probe  
  52  3:58  Assimilator  
  52  4:01  Assimilator, Probe  
  53  4:03  Probe  
  53  4:05  Pylon  
  54  4:13  Probe  
  54  4:15  Probe  
  56  4:17  Oracle  
  56  4:21  Stalker  
  61  4:25  Probe  
  61  4:27  Probe  
  61  4:29  Forge  
  63  4:37  Probe  
  64  4:39  Probe  
  61  4:49  Robotics Facility, Probe (Chrono Boost)  
  61  4:51  Probe (Chrono Boost)  
  63  4:55  Adept  
  63  4:59  Probe (Chrono Boost)  
  67  5:00  Protoss Ground Weapons Level 1 (Chrono Boost)  
  67  5:01  Probe (Chrono Boost)  
  67  5:02  Probe (Chrono Boost)  
  67  5:05  Gateway  
  69  5:07  Probe (Chrono Boost)  
  69  5:08  Probe (Chrono Boost)  
  69  5:09  Probe (Chrono Boost)  
  69  5:12  Probe (Chrono Boost)  
  72  5:15  Probe  
  72  5:17  Probe  
  74  5:23  Gateway, Probe  
  74  5:24  Zealot  
  74  5:26  Pylon  
  74  5:28  Probe  
  78  5:29  Probe  
  79  5:35  Probe  
  79  5:36  Assimilator, Warp Prism (Chrono Boost)  
  79  5:39  Robotics Bay  
  79  5:40  Assimilator, Probe  
  79  5:41  Robotics Facility  
  79  5:42  Probe  
  84  5:46  Twilight Council, Pylon  
  84  5:47  Probe, Adept  
  87  5:52  Probe  
  88  6:05  Pylon  
  88  6:08  Gateway  
  88  6:09  Gateway  
  88  6:12  Observer (Chrono Boost), Gateway  
  89  6:20  Stalker x2  
  89  6:23  Blink, Pylon  
  89  6:24  Pylon  
  93  6:28  Colossus (Chrono Boost)  
  105  6:34  Colossus (Chrono Boost)  
  105  6:49  Extended Thermal Lance  
  105  6:51  Stalker x2  
  105  6:52  Protoss Ground Weapons Level 2 (Chrono Boost), Forge  
  105  6:53  Shield Battery  
  109  6:55  Pylon  
  109  6:56  Pylon  
  109  7:05  Pylon  
  109  7:07  Pylon  
  109  7:13  Colossus (Chrono Boost)  
  115  7:20  Stalker x4  
  115  7:21  Colossus  
  115  7:22  Protoss Ground Armor Level 1 (Chrono Boost)  
  129  7:23  Pylon  
  129  7:25  Pylon  
  129  7:31  Pylon  
  129  7:32  Probe  
  130  7:39  Nexus  
  130  7:56  Photon Cannon, Shield Battery  
  130  7:57  Pylon, Stalker x5  
  140  8:07  Gateway x2  
  140  8:21  Stalker x5  
  148  8:35  Probe x2  
  148  8:39  Probe  
  147  8:47  Probe x2  
  147  8:51  Photon Cannon  
  147  8:52  Probe  
  145  8:57  Stalker  
  145  8:58  Stalker x3  
  145  8:59  Probe x2  
  145  9:01  Probe  
  156  9:04  Probe  
  156  9:06  Shield Battery  
  156  9:08  Stalker x3  
  163  9:11  Probe  
  162  9:18  Probe  
  162  9:20  Probe  
  164  9:25  Protoss Ground Armor Level 2  
  164  9:27  Probe  
  164  9:28  Probe  
  164  9:36  Charge  
  164  9:37  Stalker x4  
  152  9:53  Probe  
  152  9:54  Probe  
  152  9:55  Probe x2  
  152  9:56  Stalker x3  
  146  10:05  Probe  
  145  10:09  Probe  
  145  10:10  Probe  
  145  10:11  Probe  
  128  10:17  Probe (Chrono Boost)  
  119  10:22  Probe x2 (Chrono Boost)  
  119  10:23  Probe (Chrono Boost)  
  123  10:29  Probe (Chrono Boost)  
  123  10:32  Probe x2 (Chrono Boost)  
  117  10:37  Probe (Chrono Boost)  
  117  10:40  Stalker x5  
  118  10:44  Probe  
  118  10:46  Probe  
  118  10:47  Probe  
  121  10:51  Probe  
  121  10:56  Probe  
  123  10:58  Probe  
  123  10:59  Probe  
  123  11:03  Probe  
  126  11:07  Stalker x3  
  126  11:08  Probe  
  126  11:11  Probe x2  
  132  11:15  Probe  
  129  11:20  Probe  
  129  11:23  Probe x2  
  128  11:25  Cybernetics Core  
  128  11:29  Probe  
  108  11:46  Zealot x7  

Tags
 
Add a new tag
Caveats
  • Supply blocks, unpowered buildings, or Contaminate may cause inaccurate times.
  • Supply counts are checked every 10 seconds.